 Dungeon Crawl Stone Soup version 0.15-a0-350-g173670c (webtiles) character file.

674 staplegun the Chucker (level 7, 0/68 HPs)
             Began as an Ogre Hunter on May 2, 2014.
             Was an Initiate of Okawaru.
             Slain by a gnoll
             ... wielding a +1,+3 vampiric whip
              (4 damage)
             ... on Level 5 of the Dungeon.
             The game lasted 00:08:50 (4255 turns).

staplegun the Chucker (Ogre Hunter)                 Turns: 4255, Time: 00:08:52

HP   0/68        AC  4     Str 20      XL: 7   Next: 17%
MP   7/7         EV 11     Int 10      God: Okawaru [......]
Gold 170         SH  0     Dex 10      Spells:  0 memorised,  6 levels left

rFire  . . .     SeeInvis .     a - +1 club
rCold  . . .     Clarity  .     d - +0 animal skin
rNeg   . . .     Conserve .     (shield restricted)
rPois  .         rCorr    .     (helmet restricted)
rElec  .         rRot     .     v - +0 cloak
SustAb . .       Spirit   .     (gloves unavailable)
rMut   .         Warding  .     (boots unavailable)
Saprov + . .     Stasis   .     (no amulet)
MR     .....                    (no ring)
                                (no ring)

@: not resistant to hostile enchantments, very unstealthy
A: unfitting armour, fast metabolism 1, saprovore 1, tough skin 1
a: Renounce Religion


You were on level 5 of the Dungeon.
You worshipped Okawaru.
Okawaru was noncommittal.
You were not hungry.

You visited 2 branches of the dungeon, and saw 6 of its levels.

You collected 170 gold pieces.

Inventory:

Hand weapons
 a - a +1,+1 club (weapon)
 u - a +1 blowgun
Missiles
 c - a throwing net (quivered)
 w - 8 poisoned needles
Armour
 d - a +0 animal skin (worn)
 v - a +0 cloak (worn)
Magical devices
 p - a wand of polymorph (10)
 t - a wand of disintegration (7)
Comestibles
 f - 3 meat rations
 r - 4 bread rations
 C - a pear
 D - an orange
 E - a choko
Scrolls
 e - a scroll of immolation {unknown}
 g - a scroll of noise {unknown}
 k - 6 scrolls of identify {unknown}
 l - 4 scrolls of fog {unknown}
 n - a scroll of teleportation {unknown}
 o - a scroll of enchant weapon I {unknown}
 s - 3 scrolls of remove curse {unknown}
 F - a scroll of amnesia {unknown}
Jewellery
 y - a +6 ring of evasion {unknown}
Potions
 i - a potion of cure mutation {unknown}
 j - a potion of beneficial mutation {unknown}
 m - 2 potions of confusion {unknown}
 q - a potion of curing
 x - a potion of brilliance {unknown}
 z - a potion of poison {unknown}
 A - a potion of flight {unknown}
 B - a potion of agility {unknown}


   Skills:
 + Level 3.8 Fighting
 + Level 3.1 Maces & Flails
 + Level 6.2 Throwing
 + Level 4.9 Dodging
 + Level 1.4 Stealth


You had 6 spell levels left.
You didn't know any spells.

Dungeon Overview and Level Annotations

Branches:
Dungeon (5/15)             Temple (1/1) D:4

Altars:
Ashenzari
Cheibriados
Elyvilon
Fedhas
Kikubaaqudgha
Nemelex Xobeh
Okawaru
Sif Muna
Trog
Vehumet
Yredelemnul
The Shining One

Annotations:
D:4 SomeoneAwful's ghost, average SpEn


Innate Abilities, Weirdness & Mutations

You are too large for most types of armour.
You have a fast metabolism.
You can tolerate rotten meat.
You have tough skin (AC +1).


Message History

Press: ? - help, Shift-Dir - straight line, f - gnoll
Aim: a gnoll (severely wounded)
The gnoll evaporates and reforms as a sheep!
p - a wand of polymorph {zapped: 1} The kobold hits you but does no damage.
The gnoll hits you with a glowing whip.
* * * LOW HITPOINT WARNING * * *
The orc barely misses you.
The hobgoblin hits you but does no damage.
Evoke which item? (* to show all) (? for menu, Esc to quit)
Zapping:
t - a tapered gold wand
Press: ? - help, Shift-Dir - straight line, f/p - sheep
Aim: a sheep (lightly wounded)
The sheep is blasted.
You blow up the sheep!
Okawaru accepts your kill.
t - a wand of disintegration {zapped: 1} The kobold hits you with a dagger.
* * * LOW HITPOINT WARNING * * *
The gnoll hits you with a glowing whip.
You die...

.#.# .g... .'.#
.... g### ### ##
## #####+########
.####............#
.##.'..........o.#
.'..#..........K@#
.####..........gg#
.# #.........<..#
.# #............#
.# #............#
## #########+####


You could see a gnoll, an orc, a hobgoblin and a kobold.

Vanquished Creatures
  Sigmund (D:2)
  An iguana (D:4)
  2 orc wizards (D:4)
  A sheep (D:5)
  A worker ant (D:4)
  Ijyb (D:4)
  9 gnolls
  8 adders
  An inept feature mimic (D:4)
  3 worms
  A giant eyeball (D:5)
  3 giant geckos
  16 orcs
  11 bats
  10 goblins
  7 hobgoblins
  3 jackals
  10 kobolds
  A quokka (D:3)
  2 ball pythons (D:3)
  4 giant cockroaches
  3 giant newts
  A giant newt skeleton (D:4)
  7 rats
107 creatures vanquished.

Notes
Turn   | Place    | Note
--------------------------------------------------------------
     0 | D:1      | staplegun, the Ogre Hunter, began the quest for the Orb.
     0 | D:1      | Reached XP level 1. HP: 22/22 MP: 1/1
   360 | D:1      | Reached XP level 2. HP: 10/31 MP: 2/2
   890 | D:2      | Noticed Sigmund
   901 | D:2      | Killed Sigmund
   901 | D:2      | Reached skill level 5 in Throwing
   901 | D:2      | Reached XP level 3. HP: 26/37 MP: 3/3
   901 | D:2      | Reached XP level 4. HP: 31/45 MP: 4/4
  1079 | D:2      | Reached XP level 5. HP: 53/53 MP: 5/5
  1095 | D:2      | Reached skill level 1 in Stealth
  1679 | D:3      | Reached skill level 6 in Throwing
  1750 | D:3      | Found a bloodstained altar of Trog.
  1970 | D:3      | Reached XP level 6. HP: 47/61 MP: 6/6
  3303 | D:4      | Noticed SomeoneAwful's ghost (average SpEn)
  3306 | D:4      | Noticed Ijyb
  3540 | D:4      | Found a shattered altar of Ashenzari.
  3592 | D:4      | Killed Ijyb
  3593 | D:4      | Found a staircase to the Ecumenical Temple.
  3598 | D:4      | Reached XP level 7. HP: 66/68 MP: 7/7
  3631 | Temple   | Entered the Ecumenical Temple
  3803 | Temple   | Became a worshipper of Warmaster Okawaru
  3913 | D:5      | Entered Level 5 of the Dungeon
  4255 | D:5      | Slain by a gnoll

Action                   |  1- 3 |  4- 6 |  7- 9 || total
-------------------------+-------+-------+-------++-------
Melee: Club              |    53 |   355 |    40 ||   448
Throw: Large rock        |     6 |    39 |     4 ||    49
       Throwing net      |     2 |       |       ||     2
Evoke: Wand              |       |       |     2 ||     2
  Use: Potion            |       |       |     4 ||     4
 Stab: Held in net/web   |     1 |       |       ||     1
       Confused          |       |       |     2 ||     2
       Sleeping          |       |       |     2 ||     2
